Cogmind - Beta 13 @@@ ROGUE MODE // 2024.07.01 @ 23:49:44 Player: keygenpie Result: Destroyed by G-47 Trooper with Particle Gun Performance ------------- Evolutions (2) 1000 Regions Visited (6) 1200 Robots Destroyed (64) 320 Value Destroyed (1422) 1422 Prototype IDs (3) 60 Alien Tech Used (0) 0 Bonus (106) 106 TOTAL SCORE: 4108 Bonus ------- Follower Combat Kills 238 Friendly Fire -132 Cogmind --------- Core Integrity 0/550 Matter 252/300 Energy 271/280 System Corruption 0% Temperature Critical (846) Movement Hovering (170) Ox2 Location -8/Storage Parts ------- > --- POWER (2) -------- Heavy Ion Engine > --- PROPULSION (3) --- Aerolev Unit > --- UTILITY (3) ------ Small Storage Unit > --- WEAPON (3) ------- Advanced Beam Cannon > --- INVENTORY (8) ---- Heavy Ion Engine Heavy Ion Engine Nuclear Core Nuclear Core Light Treads High-powered Shotgun Peak State ------------ > --- POWER ------------ Heavy Ion Engine Heavy Ion Engine > --- PROPULSION ------- Aerolev Unit Aerolev Unit Aerolev Unit > --- UTILITY ---------- Improved Heat Sink Small Storage Unit > --- WEAPON ----------- Advanced Beam Cannon Advanced Beam Cannon Advanced Beam Cannon > --- INVENTORY -------- Heavy Ion Engine Heavy Ion Engine Nuclear Core Nuclear Core Light Treads High-powered Shotgun [Rating: 32] Favorites ----------- Power Heavy Ion Engine Engine Heavy Ion Engine Power Core Light Nuclear Core Propulsion Light Treads Treads Light Treads Leg Aluminum Leg Wheel Compact Wheel Hover Unit Hover Unit Utility Transport Network Coupler Device Improved Heat Sink Storage Small Storage Unit Processor Transport Network Coupler Protection Hardened Medium Armor Plating Weapon Advanced Beam Cannon Energy Gun Small Laser Energy Cannon Advanced Beam Cannon Ballistic Gun Assault Rifle Launcher Grenade Launcher Special Weapon Mining Laser Build | -11 -10 -10 -9 -9 -8 -8 ------- Run | Yrd Mat Min Mat Min Mat Sto Slots Evolved 4 | . . . 2 . 2 . Power 1 | . . . . . 1 . Propulsion 1 | . . . 1 . . . Utility 1 | . . . 1 . . . Weapon 1 | . . . . . 1 . Parts Attached 76 | 6 11 6 30 9 9 5 Power 12 | 1 1 1 6 . 1 2 Engine 11 | 1 1 1 5 . 1 2 Core 1 | . . . 1 . . . Reactor . | . . . . . . . Propulsion 27 | 2 2 1 10 7 2 3 Treads 9 | 2 . . 2 3 2 . Leg 6 | . 2 1 3 . . . Wheel 8 | . . . 4 4 . . Hover 4 | . . . 1 . . 3 Flight . | . . . . . . . Utility 16 | 1 5 1 4 1 4 . Device 8 | . 1 . 3 1 3 . Storage 5 | 1 3 . 1 . . . Processor 2 | . 1 1 . . . . Hackware . | . . . . . . . Protection 1 | . . . . . 1 . Artifact . | . . . . . . . Weapon 21 | 2 3 3 10 1 2 . Energy Gun 2 | . . . 2 . . . Energy Cannon 5 | . . . 2 1 2 . Ballistic Gun 10 | 2 2 1 5 . . . Ballistic Cannon . | . . . . . . . Launcher 2 | . 1 1 . . . . Special Weapon 2 | . . 1 1 . . . Impact Weapon . | . . . . . . . Slashing Weapon . | . . . . . . . Piercing Weapon . | . . . . . . . Special Melee Weapon . | . . . . . . . Unidentified Prototypes 3 | . . . 2 . . 1 Parts Lost 24 | . 5 . 9 1 . 9 Power 3 | . 1 . 1 . . 1 Propulsion 12 | . 2 . 5 1 . 4 Utility 2 | . . . . . . 2 Weapon 7 | . 2 . 3 . . 2 Highest Loss Streak 9 | . 5 . 4 1 . 9 To Critical Strikes . | . . . . . . . Average Slot Usage (%) 93 | . 97 100 88 98 99 92 Engine 12 | . 13 14 9 11 18 18 Treads 13 | . 24 . 6 10 27 21 Leg 9 | . 2 28 14 . . . Wheel 3 | . . . 2 21 . . Device 9 | . . 4 11 11 12 15 Storage 11 | . 14 14 11 11 9 9 Processor 9 | . 11 9 11 11 1 . Energy Gun 1 | . . . 2 . . . Energy Cannon 10 | . . . 7 22 27 24 Ballistic Gun 10 | . 27 7 11 . . . Naked Turns . | . . . . . . . Heaviest Build 42 | 12 17 20 23 22 42 35 Greatest Support 60 | 40 40 20 42 60 60 60 Greatest Overweight (x) 4 | . . . 4 1 1 . Average Overweight (x) . | . . . . . . . Largest Inventory Capacity 25 | 8 25 10 10 8 8 8 Average Capacity 8 | 6 8 10 9 8 8 8 Most Carried 10 | 4 10 10 10 8 8 8 Average Carried 7 | 2 7 8 7 7 6 7 Final Capacity 10 | 8 10 10 8 8 8 8 Final Carried 10 | 4 6 10 8 7 6 6 Class Distribution -------------------- 44% | Mutant 38% | Scavenger-Mutant 9% | Scavenger-Gunner 4% | Scavenger-Tank Dominant Class ---------------- Mutant | -10/Materials Mutant | -10/Mines Scavenger-Mutant | -9/Materials Scavenger-Mutant | -9/Mines Scavenger-Gunner | -8/Materials Scavenger-Gunner | -8/Storage Resources | -11 -10 -10 -9 -9 -8 -8 ----------- Run | Yrd Mat Min Mat Min Mat Sto Matter Collected 1509 | 254 205 138 580 77 204 51 Remotely . | . . . . . . . Salvage Created 2431 | . 309 95 1216 185 357 269 Parts 121 | . 20 1 59 14 21 6 Haulers Intercepted 1 | . . . 1 . . . Recyclers Shooed 3 | . . . 2 1 . . Parts Field Recycled . | . . . . . . . Retrieved Matter . | . . . . . . . Parts Self-Destructed . | . . . . . . . Prevented . | . . . . . . . Kills | -11 -10 -10 -9 -9 -8 -8 ------- Run | Yrd Mat Min Mat Min Mat Sto Combat Hostiles Destroyed 40 | . 8 2 14 4 7 5 Guns 19 | . 5 2 12 . . . Cannons 16 | . . . 2 4 5 5 AOE 3 | . 3 . . . . . Classes Destroyed 10 | . 6 . 3 . . 1 Worker 7 | . 3 . 3 1 . . Builder 1 | . 1 . . . . . Hauler 1 | . . . 1 . . . Recycler 9 | . 1 . 5 1 2 . Operator 1 | . . . 1 . . . Watcher 4 | . 1 . 3 . . . Swarmer 14 | . 4 . 3 3 4 . Grunt 20 | . 4 2 8 . 2 4 Brawler 1 | . . . . . . 1 Sentry 5 | . . . 3 1 1 . Thug 1 | . . . 1 . . . Best Kill Streak 9 | . 9 2 4 5 5 3 Combat Bots Only 4 | . 3 2 3 3 4 3 Max Kills in Single Turn 2 | . 2 1 1 2 2 2 Gunslinging . | . . . . . . . Exploded 1 | . 1 . . . . . Melee . | . . . . . . . Uniques/NPCs Destroyed . | . . . . . . . Combat | -11 -10 -10 -9 -9 -8 -8 -------- Run | Yrd Mat Min Mat Min Mat Sto Hostile Shots Fired 408 | . 96 23 144 37 31 77 Missed 95 | . 29 5 38 8 7 8 Damage Taken 4471 | . 753 285 1442 241 388 1362 Core 1113 | . 159 60 262 70 164 398 Absorbed by Shields . | . . . . . . . Core Remaining (%) 43 | 100 . 12 . 17 . . Volleys Fired 206 | . 37 12 103 16 19 19 Largest 3 | . 2 2 2 2 3 3 Hottest 204 | . 50 40 136 136 204 204 Shots Fired 404 | . 69 21 183 32 57 42 Gun 229 | . 64 19 146 . . . Cannon 167 | . . . 36 32 57 42 Launcher 7 | . 5 2 . . . . Special 1 | . . . 1 . . . Kinetic 197 | . 64 19 114 . . . Thermal 190 | . . . 59 32 57 42 Explosive 7 | . 5 2 . . . . Electromagnetic 10 | . . . 10 . . . Robot Hit Streak 20 | . 8 3 20 3 3 10 Robot Miss Streak 6 | . 5 2 6 4 4 3 Penetration Max . | . . . . . . . Secondary Targets 4 | . 1 . 3 . . . Max Gunslinging Chain 1 | . 1 . 1 . . . Shots Hit Robots 237 | . 41 11 127 12 20 26 Core Hits 107 | . 22 7 47 6 11 14 Critical Kills 2 | . . . . . 2 . Critical Parts Destroyed . | . . . . . . . Critical Strikes 2 | . . . . . 2 . Meltdown 2 | . . . . . 2 . Melee Attacks . | . . . . . . . Impact . | . . . . . . . Slashing . | . . . . . . . Piercing . | . . . . . . . Sneak Attacks . | . . . . . . . Combat Hostiles . | . . . . . . . Follow-up Attacks . | . . . . . . . Damage Inflicted 3903 | . 710 149 1614 315 437 678 Guns 1636 | . 430 75 1131 . . . Cannons 1829 | . . . 399 315 437 678 Explosions 400 | . 280 74 46 . . . Melee . | . . . . . . . Ramming 14 | . . . 14 . . . Kinetic 1313 | . 430 75 808 . . . Thermal 2102 | . . . 672 315 437 678 Explosive 354 | . 280 74 . . . . Electromagnetic 120 | . . . 120 . . . Impact . | . . . . . . . Slashing . | . . . . . . . Piercing . | . . . . . . . Highest Corruption . | . . . . . . . Average Corruption . | . . . . . . . Corruption Purged . | . . . . . . . Corruption Blocked . | . . . . . . . Overload Shots . | . . . . . . . Overflow Damage 11 | . . . 2 1 6 2 Projectiles 11 | . . . 2 1 6 2 Explosions . | . . . . . . . Melee . | . . . . . . . Knockbacks . | . . . . . . . Impact . | . . . . . . . Kinetic . | . . . . . . . Secondary . | . . . . . . . Self-Inflicted Damage 52 | . 24 23 5 . . . Shots 5 | . 2 2 1 . . . Rammed . | . . . . . . . Targets Rammed 4 | . . . 4 . . . Kicked 4 | . . . 4 . . . Crushed . | . . . . . . . Highest Temperature 868 | . 37 5 156 280 868 837 Average Temperature 194 | . 15 2 41 104 322 406 Received Heat Transfer 1788 | . 324 147 696 9 81 531 Effects 49 | . . . . . 23 26 Shutdowns 17 | . . . . . 9 8 Energy Bleed 4 | . . . . . 2 2 Interference 1 | . . . . . 1 . Matter Decay 5 | . . . . . 3 2 Short Circuit 5 | . . . . . 2 3 Damage (minor) 6 | . . . . . 3 3 Damage (major) 7 | . . . . . 1 6 Damage (core) 4 | . . . . . 2 2 Siege Activations . | . . . . . . . Robots Corrupted . | . . . . . . . Combat Hostiles . | . . . . . . . Parts Fried . | . . . . . . . Impact Corruptions . | . . . . . . . Robots Melted 2 | . . . . . 2 . Combat Hostiles 2 | . . . . . 2 . Parts Melted 12 | . . . 1 2 4 5 Heat Transferred 3881 | . . . 1328 555 777 1221 Parts Sabotaged . | . . . . . . . Parts Stolen . | . . . . . . . Parts Stripped . | . . . . . . . Power Chain Reactions 1 | . . . 1 . . . Alert | -11 -10 -10 -9 -9 -8 -8 ------- Run | Yrd Mat Min Mat Min Mat Sto Peak Influence 309 | . 178 205 288 194 309 99 Initial 79 | . . 69 79 74 75 45 Average 131 | . 55 139 166 147 149 57 Maximum Alert Level 1 | . . 1 1 . 1 . Low Security (%) 82 | 100 100 90 71 100 72 100 Level 1 17 | . . 9 28 . 27 . Level 2 . | . . . . . . . Level 3 . | . . . . . . . Level 4 . | . . . . . . . Level 5 . | . . . . . . . High Security . | . . . . . . . Max Security . | . . . . . . . Squads Dispatched 9 | . 2 . 3 . 1 3 Investigation 4 | . 2 . 1 . 1 . Extermination . | . . . . . . . Reinforcement 2 | . . . 2 . . . Assault 2 | . . . . . . 2 Garrison 1 | . . . . . . 1 Intercept . | . . . . . . . Searches Triggered . | . . . . . . . Construction Impeded 1 | . . . 1 . . . Haulers Reinforced . | . . . . . . . Active Scanning Responses . | . . . . . . . Cargo Convoy Interrupts . | . . . . . . . Stealth | -11 -10 -10 -9 -9 -8 -8 --------- Run | Yrd Mat Min Mat Min Mat Sto Distress Signals 4 | . . . 2 . 2 . Communications Jammed . | . . . . . . . Distress Signals . | . . . . . . . Times Spotted 79 | . 17 4 29 5 10 14 Peak Tracking Total 6 | . 5 2 5 3 5 6 Tactical Retreats 3 | . . . 3 . . . Traps | -11 -10 -10 -9 -9 -8 -8 ------- Run | Yrd Mat Min Mat Min Mat Sto Traps Triggered 3 | . 2 . 1 . . . Indirectly . | . . . . . . . Trap Hack Attempts . | . . . . . . . Triggered . | . . . . . . . Disarmed . | . . . . . . . Reprogrammed . | . . . . . . . Reused . | . . . . . . . Traps Extracted . | . . . . . . . Installed . | . . . . . . . Triggered . | . . . . . . . Machines | -11 -10 -10 -9 -9 -8 -8 ---------- Run | Yrd Mat Min Mat Min Mat Sto Machines Disabled 6 | . 3 . 2 1 . . Max in Single Turn 1 | . 1 . 1 1 . . Machines Repaired . | . . . . . . . Machines Dismantled . | . . . . . . . Machines Sabotaged . | . . . . . . . Overloaded Fab Kills . | . . . . . . . Hacking | -11 -10 -10 -9 -9 -8 -8 --------- Run | Yrd Mat Min Mat Min Mat Sto Machines Accessed 18 | . 5 . 10 . 3 . Terminals 13 | . 5 . 7 . 1 . Fabricators . | . . . . . . . Repair Stations . | . . . . . . . Recycling Units 1 | . . . 1 . . . Scanalyzers 4 | . . . 2 . 2 . Garrison Access . | . . . . . . . Total Hacks 53 | . 14 . 26 . 13 . Successful 27 | . 10 . 12 . 5 . Failed 25 | . 4 . 14 . 7 . Catastrophic 2 | . . . 1 . 1 . Database Lockouts 1 | . . . . . 1 . Manual . | . . . . . . . Terminals 41 | . 14 . 18 . 9 . Fabricators . | . . . . . . . Repair Stations . | . . . . . . . Recycling Units 2 | . . . 2 . . . Scanalyzers 10 | . . . 6 . 4 . Garrison Access . | . . . . . . . Terminal Hacks 19 | . 10 . 6 . 3 . Record 3 | . . . . . 3 . Robot Analysis 3 | . 2 . 1 . . . Branch Access Points 1 | . 1 . . . . . Emergency Access Points 2 | . 2 . . . . . Alert Level 2 | . 1 . 1 . . . Unreport Threat 2 | . 1 . 1 . . . Recall Investigation 1 | . 1 . . . . . Hauler Manifests 1 | . . . 1 . . . Registered Prototypes 1 | . 1 . . . . . Zone Layout 3 | . 1 . 2 . . . Fabricator Hacks . | . . . . . . . Repair Station Hacks . | . . . . . . . Recycling Unit Hacks 2 | . . . 2 . . . Report Inventory 1 | . . . 1 . . . Retrieve Components 1 | . . . 1 . . . Scanalyzer 6 | . . . 4 . 2 . Insert Component 3 | . . . 2 . 1 . Analyze 3 | . . . 2 . 1 . Garrison Access Hacks . | . . . . . . . Unauthorized Hacks . | . . . . . . . Terminals . | . . . . . . . Fabricators . | . . . . . . . Repair Stations . | . . . . . . . Recycling Units . | . . . . . . . Scanalyzers . | . . . . . . . Garrison Access . | . . . . . . . Data Cores Recovered . | . . . . . . . Used . | . . . . . . . Hacking Detections 16 | . 5 . 8 . 3 . Full Trace Events 4 | . 1 . 2 . 1 . Feedback Events . | . . . . . . . Feedback Blocked . | . . . . . . . Robot Schematics Acquired . | . . . . . . . Robots Built . | . . . . . . . Authchips . | . . . . . . . Time . | . . . . . . . Total Robot Build Rating . | . . . . . . . Part Schematics Acquired 3 | . . . 2 . 1 . Parts Built . | . . . . . . . Authchips . | . . . . . . . Time . | . . . . . . . Total Part Build Rating . | . . . . . . . Parts Repaired . | . . . . . . . Time . | . . . . . . . Parts Recycled . | . . . . . . . Recycled Matter . | . . . . . . . Retrieved Matter . | . . . . . . . Retrieved Components 9 | . . . 9 . . . Parts Scanalyzed 3 | . . . 2 . 1 . Part Schematics Acquired 3 | . . . 2 . 1 . Parts Damaged 1 | . . . . . 1 . Bothacking | -11 -10 -10 -9 -9 -8 -8 ------------ Run | Yrd Mat Min Mat Min Mat Sto Used RIF Installer . | . . . . . . . Robots Hacked . | . . . . . . . Non-combat . | . . . . . . . Combat . | . . . . . . . Robot Hacks Applied . | . . . . . . . Relay Couplers Released . | . . . . . . . Fabnet Peak Effective % . | . . . . . . . Robots Rewired . | . . . . . . . Allies Hacked . | . . . . . . . Hacks Repelled . | . . . . . . . Allies | -11 -10 -10 -9 -9 -8 -8 -------- Run | Yrd Mat Min Mat Min Mat Sto Total Allies 4 | . . 2 . . . 2 Largest Group 2 | . . 2 2 . . 2 Highest-Rated Group 62 | . . 45 45 . . 62 Highest-Rated Ally 31 | . . 31 31 . . 31 Total Orders . | . . . . . . . Ally Attacks 33 | . . 6 17 . . 10 Total Damage 539 | . . 136 235 . . 168 Kills 8 | . . 2 5 . . 1 Allies Corrupted . | . . . . . . . Allies Melted . | . . . . . . . Intel | -11 -10 -10 -9 -9 -8 -8 ------- Run | Yrd Mat Min Mat Min Mat Sto Robot Analysis Total 3 | . 2 . 1 . . . Derelict Logs Recovered 1 | . . . . 1 . . Drone Launches . | . . . . . . . Drone Recoveries . | . . . . . . . Exploration | -11 -10 -10 -9 -9 -8 -8 ------------- Run | Yrd Mat Min Mat Min Mat Sto Turns Passed 3282 | 96 592 215 1487 305 472 115 Spaces Moved 1641 | 55 299 143 676 207 232 29 Core 7 | 6 . . 1 . . . Treads 700 | 49 255 . 78 57 232 29 Legs 700 | . 44 143 513 . . . Wheels 234 | . . . 84 150 . . Hover . | . . . . . . . Flight . | . . . . . . . Fastest Speed 50 | 50 120 120 90 93 160 160 Average Speed 151 | 148 154 120 166 111 160 160 Slowest Speed 260 | 160 160 120 260 240 240 160 Overloaded Moves . | . . . . . . . Propulsion Burnouts . | . . . . . . . Robots Hopped . | . . . . . . . Cave-ins Triggered . | . . . . . . . Exploration Rate (%) 27 | 5 55 36 43 31 18 7 Regions Visited 6 Branch Regions 3 Pre-discovered Areas 1 | . . . . 1 . . Known Exits Taken 1 | . 1 . . . . . Unknown Exits Taken 5 | 1 . 1 1 1 1 . Scrap Searched 2 | . . 1 . 1 . . Spaces Dug . | . . . . . . . Terrain Destroyed 19 | . 1 16 2 . . . Melee . | . . . . . . . Projectile . | . . . . . . . AOE 19 | . 1 16 2 . . . Terrain Rammed . | . . . . . . . Walls Destroyed . | . . . . . . . Machines Disabled . | . . . . . . . Actions | -11 -10 -10 -9 -9 -8 -8 --------- Run | Yrd Mat Min Mat Min Mat Sto Total 2078 | 70 361 166 872 251 293 65 Wait 13 | . . . . . 11 2 Move 1635 | 54 298 142 675 206 231 29 Hop . | . . . . . . . Pick Up 90 | 10 12 5 35 10 12 6 Fast Attach . | . . . . . . . Attach 35 | 6 6 . 14 3 4 2 Detach 1 | . . . 1 . . . Swap 41 | . 5 6 16 6 5 3 Drop 53 | . 3 1 24 10 11 4 Fire 206 | . 37 12 103 16 19 19 Melee . | . . . . . . . Ram . | . . . . . . . Kick 4 | . . . 4 . . . Crush . | . . . . . . . Escape Stasis . | . . . . . . . Rewire . | . . . . . . . Trap . | . . . . . . . Miscellaneous . | . . . . . . . Route ------- -11/Scrapyard -10/Materials (discovered 2 exits: *Mat / *Min) -10/Mines -9/Materials (discovered 2 exits: Mat / [*Min]) -9/Mines -8/Materials -8/Storage History --------- Turn | Location | Event 9 | -11/Scrapyard | Discovered new exit (range 14) 97 | -11/Scrapyard | Entered Materials 311 | -10/Materials | Build established: Mutant 421 | -10/Materials | Discovered new exit (range 9) 450 | -10/Materials | Identified exit to Mines 620 | -10/Materials | Core integrity fell below 50% 650 | -10/Materials | Lost 5 parts (1p2n2w) 689 | -10/Materials | Entered Mines 694 | -10/Mines | Core integrity fell below 20% 868 | -10/Mines | Discovered new exit (range 4) 904 | -10/Mines | Entered Materials 904 | -9/Materials | Accompanied by 2 allies 904 | -9/Materials | Evolved 2 slots: Propulsion x1, Utility x1 909 | -9/Materials | Led the pair of lost Derelicts to an unsafe place 1384 | -9/Materials | Build established: Scavenger-Mutant 1443 | -9/Materials | Core integrity fell below 50% 1476 | -9/Materials | Lost 4 parts (1p1n2w) 1623 | -9/Materials | Discovered new exit (range 13) 2176 | -9/Materials | Build established: Mutant 2376 | -9/Materials | Discovered new exit (range 8) 2391 | -9/Materials | Entered Mines 2582 | -9/Mines | Joined a pair of Derelicts in attacking an 0b10 outpost 2586 | -9/Mines | Core integrity fell below 20% 2650 | -9/Mines | Discovered new exit (range 15) 2684 | -9/Mines | Learned location of Zion (-7) 2696 | -9/Mines | Entered Materials 2696 | -8/Materials | Evolved 2 slots: Power x1, Weapon x1 2884 | -8/Materials | Central database locked down 3116 | -8/Materials | Discovered new exit (range 13) 3168 | -8/Materials | Entered Storage 3188 | -8/Storage | Met a pair of Derelict thieves 3221 | -8/Storage | Garrison activated, responded to threat 3236 | -8/Storage | Build established: Scavenger-Gunner 3253 | -8/Storage | Core integrity fell below 50% 3273 | -8/Storage | Core integrity fell below 20% 3283 | -8/Storage | Destroyed by G-47 Trooper with Particle Gun Last Messages --------------- 03275_ Power failure, Hvy. Ion Engine shutdown. 03276_ Aluminum Leg melted. 03276_ G-47 Trooper destroyed. 03277_ Overheating: Broken Aerolev Unit damaged (-34). 03277_ Overheating: Sml. Storage Unit damaged (-60). 03277_ Overheating: Hvy. Ion Engine damaged (-40). 03277_ Overheating: Broken Adv. Beam Cannon damaged (-21). 03277_ Broken Adv. Beam Cannon destroyed. 03279_ Overheating: Hvy. Ion Engine damaged (-1). 03279_ K-01 Serf collects debris. 03280_ Hvy. Ion Engine broken. 03280_ Overheating: Short circuit. 03282_ Power failure, Hvy. Ion Engine shutdown. 03282_ Broken Hvy. Ion Engine destroyed. 03282_ Broken Aerolev Unit destroyed. Map ----- +----------------------------------------------------+ | | | | | | | | | | | | | ????????????????????????????????? | | ????????????????????????????????? | | ????????????????????????????????? | | ????????????????????????????????? | | ????????????????????????????????? | | ????????????????????????????????? | | ????????????????????????????????? | | ????????????????????????????????? | | ????????????????????????????????? | | ????????????????#####???????????? | | ????????????????# #???????????? | | ????????????????# #???????????? | | ????????????????# #???????????? | | ????????????????# #???????????? | | ????????????????# #???????????? | | ????????????????# #??######???? | | ??????########### #### = =#???? | | ??? !##T# == #???? | | ??? [%+=*"gk #???? | | ??? #%%Yg@ =#???? | | ????#######/##### #=["Ym! #???? | | ????????????????# # #% * #???? | | ????????????????# #########???? | | ????????????????# #???????????? | | ????????????????# #???????????? | | ????????????????# #???????????? | | ????????????????# #???????????? | | ????????????????# ???????????? | | ????????????????# #???????????? | | ????????????????# #???????????? | | ????????????????##+##???????????? | | ????????????????????????????????? | | ????????????????????????????????? | | ????????????????????????????????? | | ????????????????????????????????? | | ????????????????????????????????? | | ????????????????????????????????? | | ????????????????????????????????? | | ????????????????????????????????? | | ????????????????????????????????? | | ????????????????????????????????? | | ????????????????????????????????? | | ????????????????????????????????? | | ????????????????????????????????? | +----------------------------------------------------+ Best States ------------- Heat Dissipation 55 Energy Generation 23 Energy Capacity 460 Matter Stores 300 Matter Capacity 300 Sight Range 16 Terrain Scan Density 10 Armor Coverage 225 Evasion (%) 55 Recoil Reduction 3 Item Schematics ----------------- Lgt. Nuclear Core | -9/Materials | Scanalyzed Grenade Launcher | -9/Materials | Scanalyzed Hpw. Shotgun | -8/Materials | Scanalyzed Robot Schematics ------------------ None Fabricated ------------ Nothing Alien Tech Used ----------------- None Achievements -------------- Armchair Analyst Backstab Challenges ------------ None Game ------ Seed AutogunAlloyShielding Manual? 0 Play Time 00:35:00 Cumulative 6.8 hours Start 2024.07.01 @ 23:12:54 End 2024.07.01 @ 23:49:44 Sessions 1 Manual Loads 0 Difficulty Rogue Special Mode None Game No. 17 Rogue 17 Adventurer 0 Explorer 0 Win Type - Total 0 Types 0/0/0/0/0/0/0/0/0 Lore% 5 Gallery% 14 Achievement% 13 Wizard Run 0 Options --------- Layout 1 ASCII 0 Keyboard 0 Movement Arrows Keybinds 0 Fullscreen 1 Font 24/Tamsyn Map View 50x35 Zoom Use 0% Tactical HUD 1 Map Filters NONE Filters NONE Steam 1 RUN: 5d412e12-dd7b-4bd7-8484-5a8c1c8b35cf